 Dungeon Crawl Stone Soup version 0.26-a0-1002-g7355149c4d (webtiles) character file.

Game seed: 4047894787647075772

3165 sokol815 the Cleaver (level 9, -7/74 HPs)
             Began as a Demonspawn Fighter on Dec 6, 2020.
             Was an Initiate of Gozag.
             Mangled by an orc knight
             ... wielding a +0 halberd
              (19 damage)
             ... in a bailey.
             The game lasted 00:25:02 (8540 turns).

sokol815 the Cleaver (Demonspawn Fighter)           Turns: 8540, Time: 00:25:02

Health: -7/74      AC: 15    Str: 19    XL:     9   Next: 63%
Magic:  9/9        EV:  3    Int: 13    God:    Gozag
Gold:   274        SH: 11    Dex: 21    Spells: 8/8 levels left

rFire    + . .     SeeInvis .   a - +7 war axe (elec)
rCold    . . .     Faith    .   N - +1 kite shield
rNeg     . . .     Spirit   .   d - +0 plate armour
rPois    .         Reflect  .   R - +2 helmet
rElec    +         Harm     .   (no cloak)
rCorr    .         Rampage  .   (no gloves)
Will     .....                  t - +0 pair of boots
Stlth    ..........             (no amulet)
HPRegen  0.22/turn              S - ring "Ija Ogoc" {Wiz rElec Str+3 Int+2 Slay+2}
MPRegen  0.11/turn              v - +6 ring of dexterity

@: very slightly contaminated, invisible
A: hooves 1, demonic guardian 1, fire resistance 1, flame cloud immunity
a: Potion Petition, Call Merchant, Bribe Branch, Renounce Religion


You were in a bailey.
You worshipped Gozag.
Gozag was aware of your devotion.
You visited 1 branch of the dungeon, and saw 7 of its levels.
You also visited: Sewer and Bailey.

You collected 1179 gold pieces.
You spent 880 gold pieces at shops.
You paid 25 gold pieces to Gozag.

Inventory:

Hand Weapons
 a - a +7 war axe of electrocution (weapon)
 c - a +0 hand crossbow
 x - a +0 hunting sling
 G - the +0 trident of Circular Logic {flame, rF+ WL- Str+8 Stlth-}
   (You found it on level 5 of the Dungeon)

   It has been specially enchanted to burn those struck by it, causing extra
   injury to most foes and up to half again as much damage against particularly
   susceptible opponents.
   It affects your strength (+8).
   It protects you from fire.
   It affects your willpower, your defense against some magical effects.
   It makes you less stealthy.
 Q - a +0 vampiric dagger
Missiles
 f - 87 bolts
 h - a throwing net
 m - 208 stones (quivered)
 r - 7 datura-tipped darts
 u - 3 atropa-tipped darts
 z - 14 javelins
 E - 34 sling bullets
 L - 2 curare-tipped darts
Armour
 d - a +0 plate armour (worn)
 t - a +0 pair of boots (worn)
 K - a +0 chain mail
 N - a +1 kite shield (worn)
 R - a +2 helmet (worn)
Jewellery
 e - an uncursed ring of resist corrosion
 k - an uncursed ring of protection from fire
 v - a +6 ring of dexterity (right hand)
 S - the ring "Ija Ogoc" (left hand) {Wiz rElec Str+3 Int+2 Slay+2}
   (You bought it in a shop on level 6 of the Dungeon)

   [ring of wizardry]

   It improves your spell success rate.
   It affects your strength (+3).
   It affects your intelligence (+2).
   It affects your accuracy and damage with ranged weapons and melee attacks
   (+2).
   It insulates you from electricity.
Wands
 F - a wand of paralysis (10)
Scrolls
 g - a scroll of immolation {unknown}
 q - 2 scrolls of blinking
 s - 6 scrolls of remove curse
 y - 4 scrolls of enchant armour
Potions
 b - a potion of mutation {unknown}
 l - 3 potions of curing
 o - a potion of ambrosia
 w - 4 potions of brilliance
 A - 3 potions of attraction
 C - 3 potions of heal wounds
 D - a potion of flight
 H - a potion of berserk rage {unknown}
 I - a potion of lignification {unknown}


   Skills:
 + Level 8.1 Fighting
 * Level 10.0 Axes
 + Level 2.0 Crossbows
 - Level 2.6 Armour
 - Level 2.6 Shields
 + Level 2.2 Evocations


You had 8 spell levels left.
You didn't know any spells.
Your spell library was empty.

Dungeon Overview and Level Annotations

Branches:
Dungeon (7/15)             Temple (0/1) D:6           Sewer (visited)
 Bailey (1/1)

Altars:
Ashenzari
Fedhas
Gozag
Kikubaaqudgha
Makhleb
Nemelex Xobeh
Sif Muna
Vehumet
The Shining One

Shops:
D:6 =

Annotations:
D:5 1 runed translucent door, Crazy Yiuf


Innate Abilities, Weirdness & Mutations

You have large cloven feet.
A weak demonic guardian rushes to your aid.
Your flesh is heat resistant. (rF+)
You are immune to clouds of flame.


Message History

Your iron imp hits the orc knight.
You closely miss the orc knight.
The orc knight is severely wounded.
You block the orc knight's attack.
Your iron imp hits the orc knight but does no damage.
You miss the orc knight.
The orc knight is severely wounded.
The orc knight hits you with a +0 halberd!
* * * LOW HITPOINT WARNING * * *
Your iron imp closely misses the orc knight.
You barely miss the orc knight.
The orc knight is severely wounded.
The orc knight hits you with a +0 halberd.
* * * LOW HITPOINT WARNING * * *
You barely miss the orc knight.
The orc knight is severely wounded.
Your iron imp hits the orc knight.
The orc knight hits you with a +0 halberd!!
You die...
Your body crumbles into a pile of gold.

≈≈≈≈≈≈≈≈≈..^..≈.
≈≈≈≈≈≈≈≈#∩.##≈.
#######≈≈≈≈≈≈#.#≈≈.
##≈≈≈≈##≈≈≈≈≈≈≈≈≈≈≈.
##≈≈≈≈≈##≈≈≈≈≈≈≈≈≈≈≈.
##≈≈#'''##≈≈≈≈≈≈≈≈≈≈≈.
#≈≈##∩.∩##≈≈##≈≈≈≈≈≈≈.
#≈####5####≈##≈≈≈≈≈≈≈.
#≈')#@o$#)'≈##≈≈≈≈≈≈≈.
#≈###.8.###≈##≈≈≈≈≈≈≈.
#≈')#|.5#)'≈##≈≈≈≈≈≈≈.
#≈#########≈##≈≈≈≈≈≈≈.
#≈≈##)#)##≈≈# ≈≈≈≈≈≈≈.
##≈≈#'#'#≈≈## ≈≈≈≈≈≈≈.
##≈≈≈≈≈≈≈## ≈≈≈≈≈≈≈.
######### ≈≈≈≈≈≈≈.
≈≈#.#≈≈.


You could see an orc knight and 2 friendly iron imps.

Vanquished Creatures
  10 orc warriors
  3 ogres
  3 phantoms
  A centaur (D:5)
  A big kobold (Sewer)
  Blork the orc (D:6)
  2 bullfrogs
  3 scorpions
  3 wights (D:3)
  3 howler monkeys
  An electric eel (D:6)
  A bullfrog zombie (D:7)
  A hound (D:7)
  3 orc priests
  A centaur skeleton (D:4)
  2 iguanas
  5 worker ants
  3 orc wizards
  A killer bee zombie (D:5)
  A hound zombie (D:6)
  2 hound skeletons
  2 worker ant zombies
  3 gnolls (D:7)
  10 adders
  A river rat (Sewer)
  2 white imps
  2 ufetubi
  An adder skeleton (D:4)
  2 worms (D:2)
  5 dart slugs
  3 leopard geckos
  22 orcs
  4 giant cockroaches
  9 goblins
  7 hobgoblins
  26 jackals
  14 kobolds
  2 quokkas
  3 ball pythons
  10 bats
  3 frilled lizards
  A jackal zombie (D:5)
  A quokka skeleton (D:4)
  11 rats
195 creatures vanquished.

Vanquished Creatures (collateral kills)
  Purgy (D:3)
  A phantom (D:6)
  2 scorpions
  An orc wizard (D:6)
  A worm (D:3)
  A leopard gecko (D:7)
  4 orcs
  A giant cockroach (D:3)
  A jackal (D:4)
  A kobold (Sewer)
14 creatures vanquished.

Vanquished Creatures (others)
  5 plants (D:6)
  A withered plant (D:5)
6 creatures vanquished.

Grand Total: 215 creatures vanquished

Notes
Turn   | Place    | Note
-------+----------+-------------------------------------------
     0 | D:1      | sokol815 the Demonspawn Fighter began the quest for the
                  | Orb.
     0 | D:1      | Reached XP level 1. HP: 18/18 MP: 1/1
    90 | D:1      | Reached skill level 2 in Axes
   100 | D:1      | Gained mutation: A weak demonic guardian rushes to your
                  | aid. [demonic ancestry]
   100 | D:1      | Reached XP level 2. HP: 7/24 MP: 2/2
   625 | D:1      | Gained mutation: Your flesh is heat resistant. (rF+)
                  | [demonic ancestry]
   625 | D:1      | Reached XP level 3. HP: 29/29 MP: 3/3
   754 | D:1      | Reached skill level 3 in Axes
   877 | D:1      | Found a glowing golden altar of the Shining One.
  1024 | D:2      | Reached XP level 4. HP: 26/37 MP: 4/4
  1983 | D:2      | Found an opulent altar of Gozag.
  1983 | D:2      | Found a faded altar of an unknown god.
  1988 | D:2      | Found a faded altar of an unknown god.
  1993 | D:2      | Found a sparkling altar of Nemelex Xobeh.
  1995 | D:2      | Found a blossoming altar of Fedhas.
  2008 | D:2      | Became a worshipper of Gozag Ym Sagoz the Greedy
  2051 | D:3      | Reached skill level 4 in Axes
  2081 | D:3      | Gained mutation: You have large cloven feet. [demonic
                  | ancestry]
  2081 | D:3      | Reached XP level 5. HP: 41/42 MP: 5/5
  2113 | D:3      | Noticed an ogre
  2118 | D:3      | Killed an ogre
  2245 | D:3      | Reached XP level 6. HP: 16/49 MP: 6/6
  2403 | D:3      | Reached skill level 5 in Axes
  2413 | D:3      | Found a faded altar of an unknown god.
  2419 | D:3      | Noticed Purgy
  2431 | D:3      | Killed Purgy
  2449 | D:3      | Found a glowing drain.
  2465 | Sewer    | Entered a sewer
  2636 | Sewer    | Reached skill level 5 in Fighting
  2689 | Sewer    | Found a white marble altar of Elyvilon.
  2864 | D:3      | Gained mutation: You are immune to clouds of flame.
                  | [demonic ancestry]
  2864 | D:3      | Reached XP level 7. HP: 34/56 MP: 7/7
  3293 | D:4      | Reached skill level 6 in Axes
  4549 | D:5      | Entered Level 5 of the Dungeon
  4578 | D:5      | Reached skill level 7 in Axes
  4586 | D:5      | Reached XP level 8. HP: 26/64 MP: 8/8
  4816 | D:5      | Got a twisted trident
  4817 | D:5      | Identified the cursed +0 trident of Circular Logic {flame,
                  | rF+ WL- Str+8 Stlth-} (You found it on level 5 of the
                  | Dungeon)
  4831 | D:5      | Found an ancient bone altar of Kikubaaqudgha.
  4849 | D:5      | Found a radiant altar of Vehumet.
  5142 | D:5      | Found a runed translucent door.
  5143 | D:5      | Noticed Crazy Yiuf
  5481 | D:5      | Found a burning altar of Makhleb.
  5481 | D:5      | Noticed a balrug
  5733 | D:6      | Found a shimmering blue altar of Sif Muna.
  5733 | D:6      | Noticed Blork the orc
  5741 | D:6      | Killed Blork the orc
  5742 | D:6      | Reached skill level 8 in Axes
  6622 | D:6      | Found a broken altar of Ashenzari.
  6666 | D:6      | Found a staircase to the Ecumenical Temple.
  6766 | D:6      | Found Olucobim's Jewellery Boutique.
  6774 | D:6      | Bought the ring "Ija Ogoc" {Wiz rElec Str+3 Int+2 Slay+2}
                  | for 880 gold pieces
  6787 | D:6      | Reached skill level 9 in Axes
  6896 | D:6      | Reached XP level 9. HP: 68/72 MP: 9/9
  7428 | D:7      | Found a flagged portal.
  7479 | Bailey   | Entered a bailey
  7957 | Bailey   | Reached skill level 1 in Crossbows
  7957 | Bailey   | Reached skill level 1 in Evocations
  8524 | Bailey   | Noticed an orc knight
  8532 | Bailey   | Reached skill level 10 in Axes
  8540 | Bailey   | Mangled by an orc knight

Illustrated notes

Levels and vault maps discovered:
D:1:      minmay_arrival_glassed_features, layout_rooms, tso_altar
D:2:      layout_basic, chequers_temple_overflow_minitemple
D:3:      layout_loops_ring, chequers_ecumenical_altar_island,
          portal_sewer_entry_b, uniq_purgy
D:4:      layout_gridville
D:5:      layout_loops_cross, kiku_gazebo_garden_becter,
          makhleb_altar_promises_db, basic_altar, uniq_crazy_yiuf_cottage
D:6:      layout_loops_cross, ashenzari_altar_1, minmay_temple_entry_wispy,
          serial_shops, nicolae_shop_statue_plus, serial_bayou_lagoon_a,
          minmay_misc_feat_cross, tgw_sif
D:7:      layout_rooms, enter_bailey_7, grunt_ministairs_1
Bailey:   bailey_polearm_2, bailey

Skill      XL: |  1  2  3  4  5  6  7  8  9 |
---------------+----------------------------+-----
Axes           | 2 3 4 5 7 9 10 | 10.0
Fighting       | 4 5 6 7 8 |  8.1
Crossbows      | 2 |  2.0
Evocations     | 2 |  2.2
Armour         | |  2.6
Shields        | |  2.6

Action                   |  1- 3 |  4- 6 |  7- 9 || total
-------------------------+-------+-------+-------++-------
Melee: War axe           |   105 |   150 |   223 ||   478
       Hand axe          |       |       |    52 ||    52
 Fire: Hand crossbow     |       |       |    28 ||    28
Throw: Stone             |     2 |       |       ||     2
Evoke: Wand              |       |       |     2 ||     2
  Use: Potion            |     1 |     1 |     6 ||     8
       Scroll            |       |     3 |    16 ||    19
 Stab: Distracted        |       |     3 |     3 ||     6
       Invisible         |       |       |     3 ||     3
       Paralysed         |       |       |     1 ||     1
Armor: Scale mail        |    59 |    65 |    40 ||   164
       Chain mail        |       |       |    45 ||    45
       Plate armour      |       |       |     2 ||     2
Dodge: Dodged            |    35 |    39 |    40 ||   114
Block: Kite shield       |    59 |    87 |   121 ||   267

Table legend: (Time is in decaauts)
 A = Elapsed time spent in this place.
 B = Non-inter-level travel time spent in this place.
 C = Inter-level travel time spent in this place.
 D = Time resting spent in this place.
 E = Time spent auto-exploring this place.
 F = Levels seen in this place.
 G = Mean time per level.
                   A        B        C        D        E       F      G
               +--------+--------+--------+--------+--------+-----+--------+
         Total |   8756 |   8510 |    246 |   2891 |   3699 |   9 |  972.9 |
       Dungeon |   7367 |   7121 |    246 |   2017 |   3464 |   7 | 1052.4 |
         Sewer |    296 |    296 |      0 |     97 |    144 |   1 |  296.0 |
        Bailey |   1093 |   1093 |      0 |    777 |     90 |   1 | 1093.0 |
               +--------+--------+--------+--------+--------+-----+--------+

Top non-repeatable levels by time:
     D:6: 1408 daAuts
     D:4: 1312 daAuts
     D:2: 1148 daAuts
     D:5: 1139 daAuts
  Bailey: 1093 daAuts
     D:3: 990 daAuts
     D:1: 964 daAuts
     D:7: 403 daAuts
   Sewer: 296 daAuts
